 Dungeon Crawl Stone Soup version 0.29.1-1-gd02db6906a (webtiles) character file.

Game seed: 17237903049089708210

491 hawla the Firebug (level 7, 0/75 HPs)
             Began as a Meteoran Fire Elementalist on Oct 18, 2022.
             Was an Initiate of Vehumet.
             Slain by Pikel
             ... wielding a +2 whip of electrocution
              (1 damage)
             ... on level 5 of the Dungeon on Oct 19, 2022.
             The game lasted 00:12:34 (2653 turns).

hawla the Firebug (Meteoran Fire Elementalist)      Turns: 2653, Time: 00:12:35

Health: 0/75       AC: 23    Str:  9    XL:     7   Next: 64%
Magic:  10/14      EV:  2    Int: 17    God:    Vehumet [......]
Gold:   299        SH:  5    Dex: 19    Spells: 7/14 levels left

rFire   . . .      SeeInvis .   g - +1 flail (holy)
rCold   . . .      Faith    .   (no shield)
rNeg    . . .      Spirit   .   (body armour currently unavailable)
rPois   +          Reflect  +   (helmet currently unavailable)
rElec   .          Harm     .   (cloak currently unavailable)
rCorr   .          Rampage  .   (gloves currently unavailable)
Will    +....      NoTele   +   (boots currently unavailable)
Stlth   +.........              k - amulet of reflection
HPRegen 0.22/turn               c - ring of Ru's Approval {rPois Will+}
MPRegen 0.14/turn               (no ring)

@: tree-form, glowing
A: stationary, stasis, torment immunity, boosted hp, sense surroundings 1,
otherworldly, glowing, explore regen, agile 1, (deformed body), (teleportitis 1)
a: Renounce Religion


You were on level 5 of the Dungeon.
You worshipped Vehumet.
Vehumet was noncommittal.
You were a tree.
You visited 2 branches of the dungeon, and saw 6 of its levels.

You collected 299 gold pieces.

Inventory:

Hand Weapons
 g - a +1 flail of holy wrath (weapon)
Armour
 a - a +0 robe (melded)
 d - a +2 pair of gloves (melded)
 j - a +0 pair of boots (melded)
Jewellery
 c - the ring of Ru's Approval (left branch) {rPois Will+}
   (You acquired it on level 5 of the Dungeon)

   [ring of poison resistance]

   rPois:     It protects you from poison.
   Will:      It increases your willpower.
 k - an amulet of reflection (around neck)
Wands
 i - a wand of charming (4)
Potions
 b - a potion of magic
 e - a potion of brilliance
 h - a potion of might


   Skills:
 + Level 2.9 Dodging
 - Level 1.4 Stealth
 + Level 4.3 Spellcasting
 + Level 4.8 Conjurations
 + Level 7.1 Fire Magic


You had 7 spell levels left.
You knew the following spells:

 Your Spells              Type           Power      Damage    Failure   Level
a - Foxfire               Conj/Fire      96%        2x1d8     1%          1
b - Scorch                Fire           56%        2d8       1%          2
c - Flame Wave            Conj/Fire      24%        2d8       13%         4

Your spell library contained the following spells:

 Spells                   Type           Power      Damage    Failure   Level
 Conjure Flame            Conj/Fire      24%        6-21      3%          3
 Inner Flame              Hex/Fire       15%        N/A       11%         3


Dungeon Overview and Level Annotations

Branches:
Dungeon (5/15) Zot: 526    Temple (1/1) D:4 Zot: 394

Altars:
Ashenzari
Cheibriados
Elyvilon
Fedhas
Makhleb
Ru
Trog
Uskayaw
Vehumet
Yredelemnul
Zin

Annotations:
D:5 1 transporter, Pikel; turdburglar's ghost, amateur HuCj


Innate Abilities, Weirdness & Mutations

You are a tree.
Your roots penetrate the ground, keeping you stationary.
You cannot be teleported.
You are immune to unholy pain and torment.
Your maximum health is greatly increased.
Your equipment is partially melded.
You passively map a small area around you.
You are easily found by Zot.
You glow in the dark.
You regain HP and MP as you explore.
You are agile. (Dex +4, Str/Int -1)
((Armour fits poorly on your strangely shaped body.))
((You are occasionally teleported next to monsters.))


Message History

Pikel shouts!
Casting: Scorch (safe; 1% risk of failure)
Confirm with . or Enter, or press ? or * to list all spells.
You conjure some foxfire!
Your foxfire dissipates!
The foxfire hits the lemure but does no damage.
The lemure hits you.
Pikel says, "You'll feel the lick of my whip!"
Pikel hits you with a +2 whip of electrocution!
You are electrocuted!!
* * * LOW HITPOINT WARNING * * *
You block the lemure's attack.
Casting: Foxfire (safe; 1% risk of failure)
Confirm with . or Enter, or press ? or * to list all spells.
Flames lash Pikel.
Pikel is moderately wounded.
Pikel's fire resistance burns away.
You block Pikel's attack. The lemure barely misses you.
Unknown command.
Really quaff the potion of lignification?
You turn into a tree.
Your +2 pair of gloves melds into your body.
Your +0 pair of boots melds into your body.
Your +0 robe melds into your body.
Your roots penetrate the ground.
Pikel hits you with a +2 whip of electrocution.
* * * LOW HITPOINT WARNING * * *
The lemure hits you but does no damage.
You feel better.
Pikel hits you with a +2 whip of electrocution!
* * * LOW HITPOINT WARNING * * *
You are electrocuted!
* * * LOW HITPOINT WARNING * * *
The lemure hits you but does no damage.
Unknown command.
Casting: Scorch (safe; 1% risk of failure)
Confirm with . or Enter, or press ? or * to list all spells.
Flames lash Pikel.
Pikel is burned terribly!
Pikel is moderately wounded.
Pikel hits you with a +2 whip of electrocution.
You die...

....#,,,#......#...+,,,,,*
....#,,,#......#...#,,,,,*
...##,,,#......#...#,,,,,*
####*,,,#......#...#######
,,,,,,,,#....5.+...##....#
,,,,,,,,#......#...†.....#
,,,######......#.†.##....#
+###..........##K..##....#
..............#5♣........#
..............#..........#
.............†#....##....#
..............†....##....#
..............#....##....#
#########.....#....#*,,(.*
#.....#....#,,,,,*
#.....#....+,,,,,*
#.....#....#,,,,,*


You could see Pikel (combustible) and a lemure.

Vanquished Creatures
  3 scorpions (D:5)
  A hound (D:5)
  3 iguanas
  An orc wizard (D:4)
  5 adders
  3 gnolls (D:4)
  3 worms
  2 dart slugs
  11 orcs
  8 ball pythons
  6 bats
  7 endoplasms
  2 giant cockroaches
  3 goblins
  6 hobgoblins
  12 jackals
  3 quokkas
  4 frilled lizards
  7 kobolds
  5 rats
  A spectral orc (D:3)
  A lurking horror (D:5)
97 creatures vanquished.

Vanquished Creatures (others)
  216 foxfires
  A plant (D:2)
217 creatures vanquished.

Grand Total: 314 creatures vanquished

Notes
Turn   | Place    | Note
-------+----------+-------------------------------------------
     0 | D:1      | hawla the Meteoran Fire Elementalist began the quest for
                  | the Orb.
     0 | D:1      | Reached XP level 1. HP: 14/14 MP: 5/5
   138 | D:1      | Reached skill level 4 in Fire Magic
   138 | D:1      | Reached XP level 2. HP: 20/20 MP: 1/6
   281 | D:1      | Reached XP level 3. HP: 26/26 MP: 2/8
   500 | D:1      | Glimpsed the power of Zot.
   659 | D:2      | Reached XP level 4. HP: 33/33 MP: 7/10
   889 | D:2      | Learned a level 2 spell: Scorch
  1099 | D:2      | Glimpsed the power of Zot.
  1149 | D:2      | Glimpsed the power of Zot.
  1198 | D:3      | Reached XP level 5. HP: 38/38 MP: 8/11
  1635 | D:3      | Found a basalt altar of Yredelemnul.
  1694 | D:4      | Reached skill level 5 in Fire Magic
  1704 | D:4      | Reached XP level 6. HP: 45/45 MP: 2/13
  1716 | D:3      | Learned a level 4 spell: Flame Wave
  1831 | D:4      | Found a bloodstained altar of Trog.
  2053 | D:4      | Found a hide-covered altar of Uskayaw.
  2218 | D:4      | Reached skill level 6 in Fire Magic
  2223 | D:4      | Found a staircase to the Ecumenical Temple.
  2230 | Temple   | Entered the Ecumenical Temple
  2402 | Temple   | Became a worshipper of Vehumet
  2479 | D:4      | Found a glowing silver altar of Zin.
  2480 | D:4      | Glimpsed the power of Zot.
  2498 | D:5      | Entered Level 5 of the Dungeon
  2501 | D:5      | Gained mutation: You are occasionally teleported next to
                  | monsters. [potion of mutation]
  2501 | D:5      | Gained mutation: Armour fits poorly on your strangely
                  | shaped body. [potion of mutation]
  2501 | D:5      | Gained mutation: You are agile. (Dex +4, Str/Int -1)
                  | [potion of mutation]
  2507 | D:5      | Found a transporter.
  2507 | D:5      | Noticed turdburglar's ghost (amateur HuCj)
  2535 | D:5      | Reached XP level 7. HP: 29/50 MP: 7/14
  2576 | D:5      | Reached skill level 7 in Fire Magic
  2578 | D:5      | Identified a scroll of acquirement
  2578 | D:5      | Acquired the ring of Ru's Approval {rPois Will+}
  2645 | D:5      | Noticed Pikel
  2652 | D:5      | HP: 1/75 [Pikel/+2 whip of electrocution (11)]
  2653 | D:5      | Slain by Pikel

Illustrated notes

Levels and vault maps discovered:
D:1:      minmay_arrival_radiant_lines, layout_basic
D:2:      layout_loops_ring, shapermc_ecumenical_altar_acropolis
D:3:      layout_rooms, yredelemnul_forgotten_temple_becter
D:4:      layout_cave_pods, pdpol_temple_overflow_zin_treasury_gozag_greed,
          nicolae_uskayaw_dance_hall, trog_butcher_becter,
          minmay_temple_entry_hall, uniq_natasha
D:5:      layout_gridville, kennysheep_mini_moat, gammafunk_ghost_arena,
          serial_shops, shop, amcnicky_altar_lugonu_corruption, uniq_pikel
Temple:   nicolae_temple_bog_church

Skill      XL: |  1  2  3  4  5  6  7 |
---------------+----------------------+-----
Fire Magic     | 4 5 6 7 |  7.1
Spellcasting   | 3 4 |  4.3
Conjurations   | 2 3 4 |  4.8
Dodging        | |  2.9
Stealth        | |  1.4

Action                   |  1- 3 |  4- 6 |  7- 9 || total
-------------------------+-------+-------+-------++-------
Melee: Unarmed           |     9 |     6 |       ||    15
       Flail             |       |    16 |       ||    16
       Punch             |       |     1 |       ||     1
 Cast: Foxfire           |    44 |    90 |     1 ||   135
       Scorch            |       |    11 |     6 ||    17
       Flame Wave        |       |     3 |     2 ||     5
  Use: Scroll            |     1 |     9 |     3 ||    13
       Potion            |       |     1 |     2 ||     3
Armor: Robe              |    12 |    21 |     1 ||    34
       Skin              |       |       |     2 ||     2
Dodge: Dodged            |    14 |    27 |     3 ||    44
Block: Other             |       |       |     2 ||     2
